Map: Lerilak Crest

Players

LilDicky

  • Race: Terran Terran
  • League: Diamond

Chidori - Winner!

  • Race: Protoss Protoss
  • League: Platinum

VOD

http://www.twitch.tv/tumescentpie

Description

Time

  • Played on: Dec. 26, 2015, 4:22 p.m.
  • Length: 5:47
Show
View Real Time Build Order
Export as new Build Order

LilDicky Terran 

Build Orders: MMM Bio 

Get SALT Encoding   

  12  0:02  SCV  
  14  0:14  SCV  
  14  0:17  Supply Depot  
  14  0:26  SCV  
  15  0:32  Refinery  
  15  0:39  SCV  
  16  0:46  Barracks  
  16  0:53  SCV  
  17  1:05  SCV  
  18  1:17  SCV  
  19  1:29  SCV  
  20  1:33  Marine  
  20  1:35  Supply Depot  
  21  1:41  Orbital Command  
  21  1:55  Marine  
  21  1:59  Factory  
  22  2:03  Barracks  
  22  2:12  Barracks  
  22  2:13  SCV  
  23  2:32  Barracks Reactor  
  23  2:33  SCV  
  23  2:36  Refinery  
  24  2:38  Supply Depot  
  24  2:45  SCV  
  25  2:57  SCV  
  27  3:08  Barracks Tech Lab x2  
  27  3:11  SCV  
  26  3:17  Marine x2  
  28  3:20  Widow Mine  
  28  3:21  Supply Depot  
  28  3:25  SCV  
  30  3:27  Combat Shields, Stimpack  
  30  3:28  Marine  
  30  3:30  Marine  
  32  3:35  Marine  
  32  3:36  Marine  
  32  3:38  SCV  
  35  3:46  Marine  
  36  3:49  Marauder  
  36  3:50  SCV  
  41  4:02  Marine x2  
  39  4:04  SCV, Starport  
  39  4:09  Supply Depot  
  40  4:22  Marine  
  40  4:23  Marine x3  
  44  4:27  SCV  
  44  4:31  Supply Depot  
  45  4:36  Widow Mine  
  47  4:40  Marine x2  
  47  4:41  Supply Depot, Marine  
  47  4:42  Marine  
  51  4:47  Medivac  
  51  4:50  SCV  
  53  5:06  Marine x4  
  54  5:24  Marine x4  
  54  5:26  SCV, Hellion  
Show
View Real Time Build Order
Export as new Build Order

Chidori Protoss - Winner!

Build Orders: 1 Gate Expand 

Get SALT Encoding   

  12  0:01  Probe (Chrono Boost)  
  13  0:12  Probe (Chrono Boost)  
  14  0:17  Pylon  
  14  0:22  Probe (Chrono Boost)  
  15  0:36  Probe (Chrono Boost)  
  15  0:40  Gateway  
  16  0:43  Assimilator  
  16  0:48  Probe (Chrono Boost)  
  17  0:58  Probe (Chrono Boost)  
  18  1:10  Probe (Chrono Boost)  
  19  1:20  Probe (Chrono Boost)  
  20  1:27  Cybernetics Core  
  20  1:36  Nexus  
  20  1:39  Probe (Chrono Boost)  
  21  1:47  Assimilator  
  21  1:50  Probe (Chrono Boost)  
  22  1:59  Pylon  
  22  2:00  Probe (Chrono Boost)  
  23  2:17  Adept  
  23  2:18  Mothership Core (Chrono Boost)  
  23  2:20  Warp Gate  
  27  2:36  Probe (Chrono Boost)  
  28  2:44  Adept  
  28  2:47  Probe (Chrono Boost), Pylon  
  31  2:57  Probe (Chrono Boost)  
  32  3:07  Probe (Chrono Boost)  
  32  3:10  Probe (Chrono Boost)  
  34  3:13  Robotics Facility  
  34  3:18  Probe (Chrono Boost)  
  35  3:26  Adept  
  37  3:30  Probe x2 (Chrono Boost)  
  39  3:38  Pylon  
  39  3:40  Gateway, Probe x2 (Chrono Boost)  
  41  3:46  Gateway  
  41  4:10  Probe x2 (Chrono Boost)  
  43  4:19  Probe (Chrono Boost), Observer (Chrono Boost)  
  43  4:21  Probe  
  46  4:27  Pylon  
  46  4:35  Twilight Council  
  46  4:36  Pylon  
  45  4:38  Adept  
  45  4:39  Probe  
  45  4:40  Probe  
  49  4:46  Assimilator  
  49  4:47  Pylon  
  49  4:48  Adept x2  
  49  4:50  Assimilator  
  53  5:04  Adept  
  55  5:08  Observer (Chrono Boost)  
  55  5:10  Probe, Adept x2  
  55  5:11  Probe  
  62  5:20  Probe  
  62  5:23  Probe  
  65  5:30  Adept x3  
Tags
 
Add a new tag
Caveats
  • Supply blocks, unpowered buildings, or Contaminate may cause inaccurate times.
  • Supply counts are checked every 10 seconds.